Map: Efflorescence LE

Players

Massa - Winner!

  • Race: Terran Terran
  • League: Platinum
  • Spawn Location: 3:00

qqq - Winner!

  • Race: Zerg Zerg
  • Spawn Location: 12:00

ShaFaX

  • Race: Protoss Protoss
  • League: Diamond
  • Spawn Location: 9:00

Freeman

  • Race: Terran Terran
  • League: Diamond
  • Spawn Location: 6:00

VOD

Have the link to the VOD?

Description

Time

  • Played on: March 6, 2021, 9:20 a.m.
  • Length: 6:42
Show
View Real Time Build Order
Export as new Build Order

Massa Terran - Winner!

Build Orders: 2 Factory, Cyclone Opening 

Get SALT Encoding   

  12  0:00  SCV  
  13  0:12  SCV  
  14  0:17  Supply Depot  
  14  0:24  SCV  
  15  0:39  SCV  
  15  0:40  Barracks  
  16  0:51  SCV  
  16  0:53  Supply Depot  
  16  0:56  Supply Depot  
  17  1:02  Refinery  
  18  1:04  SCV  
  18  1:18  SCV  
  19  1:21  Refinery  
  19  1:30  SCV  
  20  1:37  Marine  
  21  1:42  SCV  
  22  1:54  SCV  
  22  1:55  Factory  
  23  2:04  Barracks Tech Lab  
  23  2:06  Orbital Command  
  23  2:19  Factory  
  23  2:24  Marine  
  24  2:32  SCV  
  25  2:48  Barracks Tech Lab  
  25  2:49  Cyclone  
  28  2:55  SCV  
  29  2:58  Supply Depot  
  29  3:01  Mag-Field Accelerator  
  29  3:25  Cyclone  
  32  3:27  Command Center  
  32  3:39  Cyclone  
  32  3:40  Supply Depot  
  35  3:50  Barracks Reactor  
  35  3:59  Engineering Bay  
  35  4:03  Cyclone  
  35  4:04  SCV  
  39  4:10  Supply Depot  
  39  4:22  Cyclone  
  42  4:24  SCV  
  43  4:35  Refinery, Marine x2  
  43  4:36  SCV  
  46  4:42  Missile Turret  
  46  4:43  Refinery  
  46  4:53  Marine x2  
  46  4:59  Orbital Command  
  48  5:02  SCV  
  49  5:14  SCV  
  50  5:25  Marine x2  
  50  5:26  SCV, Missile Turret  
  53  5:38  SCV  
  54  5:43  Marine x2  
  56  5:50  SCV  
  57  6:03  SCV  
Show
View Real Time Build Order
Export as new Build Order

qqq Zerg - Winner!

Build Orders: Hatch First 

Get SALT Encoding   

  12  0:06  Drone  
  13  0:11  Drone  
  14  0:18  Overlord  
  14  0:47  Hatchery  
  13  0:52  Drone  
  13  0:53  Drone  
  13  0:56  Drone  
  16  1:05  Drone  
  17  1:30  Spawning Pool  
  17  1:31  Extractor  
  17  1:32  Drone x2  
  17  1:44  Extractor  
  17  1:45  Drone  
  17  1:53  Drone  
  18  1:58  Drone  
  19  2:13  Overlord  
  19  2:14  Overlord  
  19  2:18  Drone  
  20  2:25  Drone  
  20  2:26  Drone  
  22  2:35  Queen x2  
  26  2:50  Extractor  
  24  2:51  Zergling x4  
  24  2:52  Extractor  
  24  2:54  Drone  
  24  2:55  Drone x2  
  29  3:19  Drone  
  30  3:20  Metabolic Boost  
  30  3:21  Drone x3  
  30  3:22  Drone  
  34  3:27  Zergling x2  
  35  3:36  Lair  
  35  3:37  Zergling x2  
  36  3:41  Zergling x4  
  38  3:49  Zergling x2  
  38  3:52  Zergling x2  
  40  3:56  Evolution Chamber  
  39  4:03  Zergling x4  
  41  4:11  Zergling x2  
  41  4:14  Zergling x2, Overlord  
  41  4:16  Zergling x2  
  44  4:19  Hatchery  
  44  4:20  Zergling x2, Overlord  
  44  4:26  Overlord  
  44  4:33  Zergling x4  
  46  4:40  Zergling x4  
  46  4:43  Zergling x2  
  46  4:44  Overlord  
  46  4:45  Zergling x2  
  50  4:49  Zergling x4  
  49  5:00  Zergling x8  
  49  5:11  Zergling x4  
  49  5:12  Zergling x4  
  51  5:27  Hydralisk Den  
  49  5:38  Zergling x8  
  49  5:39  Zergling x2  
  52  5:44  Zergling x4  
  53  5:50  Zergling x6  
  52  5:58  Zergling x6  
  52  6:02  Zergling x4  
  46  6:14  Hydralisk x2  
Show
View Real Time Build Order
Export as new Build Order

ShaFaX Protoss 

Build Orders: Mass Adepts 

Get SALT Encoding   

  12  0:01  Probe  
  13  0:17  Pylon  
  13  0:18  Probe  
  14  0:30  Probe (Chrono Boost)  
  15  0:41  Probe (Chrono Boost), Gateway  
  16  0:48  Assimilator  
  16  0:49  Probe  
  17  1:01  Probe  
  18  1:13  Probe (Chrono Boost)  
  19  1:23  Probe (Chrono Boost)  
  19  1:34  Cybernetics Core  
  19  1:42  Probe, Pylon  
  20  1:54  Probe  
  20  1:55  Gateway  
  20  1:57  Gateway  
  21  2:06  Probe, Assimilator  
  22  2:13  Stalker  
  24  2:19  Probe, Warp Gate (Chrono Boost)  
  24  2:21  Pylon  
  25  2:31  Probe  
  26  2:43  Probe  
  27  2:46  Twilight Council  
  27  2:49  Adept  
  29  2:53  Adept  
  29  2:58  Probe  
  32  3:02  Adept  
  34  3:11  Pylon  
  34  3:16  Probe  
  35  3:22  Resonating Glaives  
  35  3:27  Adept  
  37  3:28  Probe  
  37  3:31  Adept  
  40  3:44  Robotics Facility  
  40  3:49  Probe  
  40  3:55  Pylon  
  41  4:01  Probe  
  42  4:06  Adept x2  
  46  4:29  Warp Prism (Chrono Boost), Adept x3  
  42  5:22  Zealot x3  
  42  5:27  Observer  
  49  5:46  Zealot  
  49  5:47  Zealot x2  
  55  5:55  Pylon  
  55  5:57  Pylon  
  39  6:09  Zealot x3  
  33  6:22  Pylon  
  33  6:32  Gateway  
  33  6:33  Zealot  
  33  6:34  Gateway  
Show
View Real Time Build Order
Export as new Build Order

Freeman Terran 

Build Orders: Reaper Expand 

Get SALT Encoding   

  12  0:00  SCV  
  13  0:12  SCV  
  14  0:18  Supply Depot  
  14  0:24  SCV  
  15  0:39  SCV  
  15  0:40  Barracks  
  16  0:46  Refinery  
  16  0:51  SCV  
  17  1:03  SCV  
  18  1:15  SCV  
  19  1:29  Reaper  
  19  1:30  Orbital Command  
  20  1:54  Command Center  
  20  2:01  Marine  
  20  2:02  Supply Depot  
  20  2:07  SCV  
  22  2:19  SCV  
  22  2:20  Factory  
  23  2:23  Barracks Reactor  
  23  2:36  SCV  
  24  2:37  Barracks  
  24  2:48  SCV  
  25  3:00  SCV, Marine x2  
  28  3:12  SCV  
  29  3:14  Orbital Command  
  29  3:18  Marine x2  
  31  3:26  Command Center  
  31  3:30  Factory Tech Lab  
  31  3:34  Barracks Tech Lab  
  30  3:35  SCV  
  30  3:39  Refinery  
  31  3:46  Starport  
  31  3:50  SCV  
  31  3:53  SCV  
  33  3:55  Marine  
  33  3:59  Stimpack  
  33  4:02  SCV  
  35  4:05  SCV  
  35  4:09  Marine x2  
  38  4:14  SCV  
  39  4:17  SCV, Marine  
  41  4:24  Supply Depot  
  41  4:26  SCV, Supply Depot  
  41  4:27  Marine x2  
  41  4:30  SCV  
  45  4:32  Starport Reactor  
  45  4:35  Marine  
  46  4:38  SCV  
  46  4:39  Orbital Command  
  47  4:45  SCV  
  47  4:48  Marine x2  
  47  4:51  SCV  
  51  4:53  Marine  
  51  4:58  SCV  
  52  5:03  SCV  
  52  5:05  Marine  
  52  5:06  Marine  
  54  5:09  Medivac x2  
  54  5:11  SCV x2, Marine  
  61  5:15  SCV  
  62  5:23  SCV x2, Marine  
  62  5:27  SCV  
  51  5:43  Marine x2  
  51  5:48  SCV x2  
  47  5:50  Marine  
  42  6:00  SCV  
  42  6:01  SCV, Marine x2, Medivac x2  
  50  6:07  Marine  
  50  6:13  SCV x2  
  50  6:17  Barracks  
  50  6:18  Barracks  
  55  6:19  Marine x2  
  55  6:20  Barracks  
Tags
 
Add a new tag
Caveats
  • Supply blocks, unpowered buildings, or Contaminate may cause inaccurate times.
  • Supply counts are checked every 10 seconds.